 Dungeon Crawl Stone Soup version 0.31-a0-185-g9dded2c639 (webtiles) character file.

Game seed: 4931583934572290030

576 qw the Skirmisher (level 7, -2/40 HPs)
             Began as a Deep Elf Hunter on June 22, 2023.
             Slain by a gnoll
             ... wielding a +0 club
             ... led by a gnoll sergeant
              (5 damage)
             ... on level 5 of the Dungeon.
             The game lasted 00:02:14 (4323 turns).

qw the Skirmisher (Deep Elf Hunter)                 Turns: 4323, Time: 00:02:15

Health: -2/40      AC:  9    Str:  8    XL:     7   Next: 12%
Magic:  8/8        EV: 11    Int: 14    God:
Gold:   124        SH:  0    Dex: 22    Spells: 6/6 levels left

rFire   . . .        Y - +0 shortbow
rCold   . . .        (shield currently unavailable)
rNeg    . . .        i - +0 ring mail
rPois   .            d - +1 helmet "Seedgh" {*Slow rElec Regen+}
rElec   +            c - +1 cloak
rCorr   +            (no gloves)
SInv    .            n - -1 pair of boots of Altruism {rElec}
Will    +....        f - amulet of regeneration
Stlth   ++           j - ring "Veellapt" {Will+ rCorr Dex+4}
HPRegen 1.86/turn    (no ring)
MPRegen 0.11/turn

%: slow self (1%)
@: about to teleport
A: talons 1, low MP 1, weak 1
a: no special abilities


You were on level 5 of the Dungeon.
You visited 1 branch of the dungeon, and saw 6 of its levels.

You collected 214 gold pieces.
You spent 90 gold pieces at shops.


Innate Abilities, Weirdness & Mutations

You have sharp toenails.
Your magical capacity is low. (-10% MP)
You are weak. (Str -2)


   Skills:
 - Level 2.2 Fighting
 + Level 10.2 Ranged Weapons
 - Level 1.8 Armour
 - Level 3.2 Dodging
 - Level 1.2 Stealth


You had 6 spell levels left.
You didn't know any spells.
Your spell library was empty.

Inventory:

Hand Weapons
 Y - a +0 shortbow (weapon)
Armour
 c - a +1 cloak (worn)
 d - the +1 helmet "Seedgh" (worn) {*Slow rElec Regen+}
   (You acquired it on level 3 of the Dungeon)

   rElec:     It insulates you from electricity.
   Regen:     It increases your rate of health regeneration.
   *Slow:     It may slow you when you take damage.
 i - a +0 ring mail (worn)
 n - the -1 pair of boots of Altruism (worn) {rElec}
   (You found it on level 5 of the Dungeon)

   rElec:     It insulates you from electricity.
Jewellery
 b - a ring of ice
 f - an amulet of regeneration (around neck)
 j - the ring "Veellapt" (left hand) {Will+ rCorr Dex+4}
   (You found it on level 5 of the Dungeon)

   [ring of resist corrosion]

   Dex:       It affects your dexterity (+4).
   rCorr:     It protects you from acid and corrosion.
   Will:      It increases your willpower.
Scrolls
 a - 2 scrolls of identify
Potions
 e - a potion of mutation
 h - 2 potions of curing
 l - 5 potions of might

Dungeon Overview and Level Annotations

Branches:
Dungeon (6/15)
 Temple: D:4-7

Altars:
Dithmenos
Hepliaklqana
Ru
Yredelemnul
Zin

Shops:
D:5 =

Annotations:
D:2 1 runed translucent door, Crazy Yiuf


Message History

You shoot an arrow.
The arrow hits the gnoll sergeant but does no damage.
The gnoll sergeant is heavily wounded.
The gnoll hits you but does no damage. The gnoll closely misses you.
The gnoll sergeant hits you with a +2 vampiric spear.
The gnoll misses you.
You shoot an arrow.
The arrow barely misses the gnoll sergeant.
The gnoll hits you but does no damage. The gnoll hits you with a +0 club.
The gnoll sergeant hits you with a +2 vampiric spear.
The gnoll sergeant draws strength from your wounds!
The gnoll closely misses you.
You shoot an arrow. The arrow hits the gnoll sergeant.
The gnoll sergeant is heavily wounded.
The gnoll closely misses you. The gnoll hits you but does no damage.
The gnoll sergeant hits you with a +2 vampiric spear.
The gnoll sergeant draws strength from your wounds!
The gnoll hits you but does no damage.
You shoot an arrow.
The arrow closely misses the gnoll sergeant.
The gnoll misses you. The gnoll closely misses you.
The gnoll sergeant hits you with a +2 vampiric spear!
The gnoll sergeant draws strength from your wounds!
The gnoll hits you with a +0 whip.
4321 ||| READING scroll of teleportation.
As you read the scroll of teleportation, it crumbles to dust.
You feel strangely unstable. The gnoll hits you but does no damage.
The gnoll misses you. The gnoll sergeant misses you.
The gnoll barely misses you.
You shoot an arrow.
The arrow closely misses the gnoll sergeant.
The gnoll hits you but does no damage. x2
The gnoll sergeant hits you with a +2 vampiric spear.
The gnoll sergeant draws strength from your wounds!
The gnoll hits you but does no damage.
You shoot an arrow.
The arrow hits the gnoll sergeant but does no damage.
The gnoll sergeant is moderately wounded.
The gnoll hits you with a +0 spear. The gnoll hits you with a +0 club.
You die...

..........## #.## ...........##
###..# ............###....####
...##.................##
...###.................##
........................#
##.....................##
###....####....g......## #### #
##..## ##....g@(...## #..##
##.>####>....g.g..## #...###
###...#.............# ##.....#
.........###..####..#####......##
######...# #..# ##.......###...#
#...###..# ##.......## ##...
#........###........## ##.. #
##......#..#.......#..## #.<#
#####.....####....##..###..###.##


You could see a gnoll sergeant and 3 gnolls.

Vanquished Creatures
  A black bear (D:5)
  2 phantoms (D:5)
  A hound (D:4)
  An orc priest (D:5)
  3 iguanas (D:5)
  A gnoll (D:5)
  8 adders
  2 worms
  4 dart slugs
  12 orcs
  5 endoplasms (D:1)
  4 giant cockroaches (D:2)
  7 goblins
  7 hobgoblins
  6 jackals
  2 quokkas (D:1)
  10 ball pythons
  7 bats
  4 frilled lizards
  6 kobolds
  9 rats
102 creatures vanquished.

Notes
Turn   | Place    | Note
-------+----------+-------------------------------------------
     0 | D:1      | qw the Deep Elf Hunter began the quest for the Orb.
     0 | D:1      | Reached XP level 1. HP: 12/12 MP: 3/3
     0 | D:1      | 0 ||| qw: Version: 0.3-a-9-g12657ce
     0 | D:1      | 0 ||| qw: Game counter: 1916
     0 | D:1      | 0 ||| qw: Always use a shield: true
     0 | D:1      | 0 ||| qw: God list: Okawaru
     0 | D:1      | 0 ||| qw: Allow faded altars: false
     0 | D:1      | 0 ||| qw: Do Orc after D:15 true
     0 | D:1      | 0 ||| qw: Do second Lair branch before Depths: true
     0 | D:1      | 0 ||| qw: Lair rune preference: random
     0 | D:1      | 0 ||| qw: Plans: Normal
     0 | D:1      | 0 ||| PLANNING D:1-11
    69 | D:1      | Reached XP level 2. HP: 16/16 MP: 4/4
    85 | D:1      | Reached skill level 6 in Ranged Weapons
   297 | D:1      | Reached XP level 3. HP: 20/20 MP: 5/5
   486 | D:1      | Reached skill level 7 in Ranged Weapons
   631 | D:1      | 631 ||| UPGRADING to amulet of regeneration.
   636 | D:1      | 636 ||| READING 2 scrolls labelled PUIGGA XIORGH.
   637 | D:1      | 637 ||| DRINKING 2 murky orange potions.
   637 | D:1      | Gained mutation: You are weak. (Str -2) [potion of
                  | mutation]
   637 | D:1      | Gained mutation: Your magical capacity is low. (-10% MP)
                  | [potion of mutation]
   637 | D:1      | Gained mutation: You have sharp toenails. [potion of
                  | mutation]
   638 | D:1      | 638 ||| DROPPING scroll of butterflies.
   761 | D:2      | Reached XP level 4. HP: 25/25 MP: 5/5
   865 | D:2      | Found a runed translucent door.
   866 | D:2      | Noticed Crazy Yiuf
   943 | D:2      | Found a faded altar of an unknown god.
  1404 | D:2      | 1404 ||| READING 2 scrolls of identify.
  1404 | D:2      | 1404 ||| IDENTIFYING amethyst potion
  1405 | D:2      | 1405 ||| DROPPING potion of attraction.
  1436 | D:3      | 1436 ||| STAIRDANCE
  1507 | D:3      | 1507 ||| STAIRDANCE
  1619 | D:3      | Reached skill level 8 in Ranged Weapons
  1983 | D:3      | 1983 ||| FLEEEEING.
  1984 | D:3      | 1984 ||| FLEEEEING.
  1985 | D:3      | 1985 ||| FLEEEEING.
  2107 | D:3      | Found a hazy altar of Hepliaklqana.
  2277 | D:3      | Found a faded altar of an unknown god.
  2281 | D:3      | Found a basalt altar of Yredelemnul.
  2320 | D:3      | 2320 ||| READING scroll labelled ZULOHE PAUZXEF.
  2320 | D:3      | Identified a scroll of acquirement
  2320 | D:3      | 2320 ||| ACQUIRING +1 helmet "Seedgh" {*Slow rElec Regen+}
  2320 | D:3      | Acquired the +1 helmet "Seedgh" {*Slow rElec Regen+}
  2322 | D:3      | 2322 ||| UPGRADING to +1 helmet "Seedgh" {*Slow rElec
                  | Regen+}.
  2327 | D:3      | 2327 ||| READING 2 scrolls labelled MOFOOLU PIMISYMO.
  2333 | D:3      | 2333 ||| READING scroll labelled SUFOFR YWNYSO.
  2334 | D:3      | 2334 ||| READING scroll labelled VEGHYE RUTRAMN.
  2335 | D:3      | 2335 ||| DRINKING 2 fuming white potions.
  2336 | D:3      | 2336 ||| DRINKING 2 viscous green potions.
  2387 | D:3      | 2387 ||| READING 2 scrolls of identify.
  2387 | D:3      | 2387 ||| IDENTIFYING purple potion
  2388 | D:3      | 2388 ||| DROPPING scroll of torment.
  2389 | D:3      | 2389 ||| DROPPING potion of lignification.
  2413 | D:4      | 2413 ||| FLEEEEING.
  2414 | D:4      | 2414 ||| STAIRDANCE
  2418 | D:4      | 2418 ||| STAIRDANCE
  2422 | D:4      | 2422 ||| STAIRDANCE
  2426 | D:4      | 2426 ||| STAIRDANCE
  2430 | D:4      | 2430 ||| STAIRDANCE
  2434 | D:4      | 2434 ||| STAIRDANCE
  2438 | D:4      | 2438 ||| STAIRDANCE
  2442 | D:4      | 2442 ||| STAIRDANCE
  2446 | D:4      | 2446 ||| STAIRDANCE
  2450 | D:4      | 2450 ||| STAIRDANCE
  2454 | D:4      | 2454 ||| STAIRDANCE
  2458 | D:4      | 2458 ||| STAIRDANCE
  2462 | D:4      | 2462 ||| STAIRDANCE
  2466 | D:4      | 2466 ||| STAIRDANCE
  2470 | D:4      | 2470 ||| STAIRDANCE
  2474 | D:4      | 2474 ||| STAIRDANCE
  2478 | D:4      | 2478 ||| STAIRDANCE
  2482 | D:4      | 2482 ||| STAIRDANCE
  2486 | D:4      | 2486 ||| STAIRDANCE
  2490 | D:4      | 2490 ||| STAIRDANCE
  2495 | D:4      | 2495 ||| FLEEEEING.
  2497 | D:4      | 2497 ||| FLEEEEING.
  2519 | D:3      | 2519 ||| STAIRDANCE
  2689 | D:4      | Reached XP level 5. HP: 29/29 MP: 6/6
  2837 | D:4      | 2837 ||| UPGRADING to +0 ring mail.
  2847 | D:4      | 2847 ||| DROPPING +0 leather armour.
  2848 | D:4      | 2848 ||| READING scroll labelled UGUKLE PASAPS.
  2851 | D:4      | 2851 ||| DRINKING 2 murky brown potions.
  2852 | D:4      | 2852 ||| READING 2 scrolls of identify.
  2852 | D:4      | 2852 ||| IDENTIFYING metallic yellow potion
  2853 | D:4      | 2853 ||| DROPPING potion of brilliance.
  2854 | D:4      | 2854 ||| DROPPING potion of degeneration.
  2878 | D:3      | 2878 ||| Stepping randomly (stuck).
  2988 | D:4      | 2988 ||| UPGRADING to +1 cloak.
  3022 | D:5      | Entered Level 5 of the Dungeon
  3032 | D:5      | Reached skill level 9 in Ranged Weapons
  3105 | D:5      | Found Zin's Purification Station.
  3120 | D:5      | Found a glowing silver altar of Zin.
  3125 | D:5      | 3125 ||| BUYING potion of curing (90 gold).
  3125 | D:5      | Bought a potion of curing for 90 gold pieces
  3196 | D:5      | Noticed a black bear
  3197 | D:5      | Found Uwka's Jewellery Boutique.
  3227 | D:5      | Killed a black bear
  3228 | D:5      | Reached skill level 1 in Armour
  3228 | D:5      | Reached XP level 6. HP: 35/35 MP: 7/7
  3245 | D:5      | Identified the ring "Veellapt" {Will+ rCorr Dex+4}
  3267 | D:5      | Found a sacrificial altar of Ru.
  3331 | D:5      | Reached skill level 10 in Ranged Weapons
  3498 | D:5      | Reached skill level 3 in Dodging
  3498 | D:5      | Reached XP level 7. HP: 38/40 MP: 8/8
  3501 | D:5      | Identified the -1 pair of boots of Altruism {rElec}
  4205 | D:5      | 4205 ||| SHOPLISTING ring "Ahekutz" {rC- rN+ Will+ Int+3}
                  | (446 gold, have 124).
  4205 | D:5      | 4205 ||| SHOPLISTING ring of Fose {rF+ rC+ rN+} (604 gold,
                  | have 124).
  4205 | D:5      | 4205 ||| SHOPLISTING ring of Oklil {rF- Will+ Str+6 Int+5}
                  | (729 gold, have 124).
  4205 | D:5      | 4205 ||| SHOPLISTING ring of fire (350 gold, have 124).
  4205 | D:5      | 4205 ||| SHOPLISTING ring of protection from fire (350
                  | gold, have 124).
  4205 | D:5      | 4205 ||| SHOPLISTING ring of resist corrosion (280 gold,
                  | have 124).
  4205 | D:5      | 4205 ||| SHOPLISTING ring of see invisible (210 gold, have
                  | 124).
  4205 | D:5      | 4205 ||| SHOPLISTING ring of the Little Devil {Fire rPois
                  | Will+ Dex+2 Slay-4} (408 gold, have 124).
  4205 | D:5      | 4205 ||| SHOPLISTING ring of willpower (350 gold, have
                  | 124).
  4205 | D:5      | 4205 ||| UPGRADING to -1 pair of boots of Altruism {rElec}.
  4210 | D:5      | 4210 ||| UPGRADING to ring "Veellapt" {Will+ rCorr Dex+4}.
  4211 | D:5      | 4211 ||| READING scroll labelled FEOHIA CUALY.
  4212 | D:5      | 4212 ||| READING scroll labelled FIEHUO SAERPH.
  4213 | D:5      | 4213 ||| READING scroll labelled OHUFUU FERHOM.
  4215 | D:5      | 4215 ||| Stepping ~*~*~tactically~*~*~ (cloud).
  4228 | D:5      | 4228 ||| Stepping ~*~*~tactically~*~*~ (cloud).
  4297 | D:6      | Found a shadowy altar of Dithmenos.
  4299 | D:6      | 4299 ||| STAIRDANCE
  4310 | D:6      | 4310 ||| STAIRDANCE
  4320 | D:5      | HP: 7/40 [gnoll sergeant/+2 vampiric spear (7)]
  4321 | D:5      | 4321 ||| READING scroll of teleportation.
  4322 | D:5      | HP: 3/40 [gnoll sergeant/+2 vampiric spear (6)]
  4323 | D:5      | Slain by a gnoll

Levels and vault maps discovered:
D:1:      lightli_arrival_lavapool, layout_loops_ring
D:2:      layout_basic, shapermc_ecumenical_altar_flowoftime,
          uniq_crazy_yiuf_cottage
D:3:      layout_basic, nicolae_hepliaklqana_hazy_memory,
          nicolae_overflow_ecumenical_swirl
D:4:      layout_rooms
D:5:      layout_layer_cave, nicolae_ru_awakened_eye, zin_purify, serial_shops,
          nicolae_inconvenience_store
D:6:      layout_cave_pools, nicolae_overflow_hidden_temple, uniq_maggie

Skill      XL: |  1  2  3  4  5  6 |
---------------+-------------------+-----
Ranged Weapons | 6 7 8 9 10 | 10.2
Fighting       | 2 |  2.2
Armour         | 1 |  1.8
Dodging        | 3 |  3.2
Stealth        | |  1.2

Action                     |  1- 3 |  4- 6 |  7- 9 || total
---------------------------+-------+-------+-------++-------
   Fire: Shortbow          |    95 |   225 |    25 ||   345
    Use: Scroll            |     1 |     8 |     4 ||    13
         Potion            |     1 |     3 |       ||     4
 Armour: Leather armour    |     6 |    19 |       ||    25
         Ring mail         |       |    21 |    19 ||    40
  Dodge: Dodged            |    21 |    46 |    30 ||    97

Table legend:
 A = Non-vault XP
 B = Vault XP
 C = Vault XP percentage of total XP
 D = Non-vault monster count
 E = Vault monster count
 F = Vault count percentage of total count
                 A         B        C        D         E       F
            +---------+---------+-------+---------+---------+-------
      Total |     823 |       0 |   0.0 |     102 |       0 |   0.0
            +---------+---------+-------+---------+---------+-------
        D:1 |      64 |       0 |   0.0 |      37 |       0 |   0.0
        D:2 |      80 |       0 |   0.0 |      22 |       0 |   0.0
        D:3 |      40 |       0 |   0.0 |      16 |       0 |   0.0
        D:4 |      83 |       0 |   0.0 |       8 |       0 |   0.0
        D:5 |     556 |       0 |   0.0 |      19 |       0 |   0.0
            +---------+---------+-------+---------+---------+-------
